 Dungeon Crawl Stone Soup version 0.31.0-9-g3a7656b989 (webtiles) character file.

Game seed: 3766075778923780720

178 qw the Skirmisher (level 5, -1/29 HPs)
             Began as a Deep Elf Hunter on Feb 2, 2024.
             Succumbed to a scorpion's poison
             ... on level 4 of the Dungeon.
             The game lasted 00:00:10 (2412 turns).

qw the Skirmisher (Deep Elf Hunter)                 Turns: 2412, Time: 00:00:10

Health: -1/29      AC:  6    Str: 10    XL:     5   Next: 32%
Magic:  7/7        EV: 11    Int: 14    God:
Gold:   140        SH:  0    Dex: 18    Spells: 4/4 levels left

rFire   . . .        a - +1 shortbow
rCold   . . .        (shield currently unavailable)
rNeg    . . .        h - +0 ring mail
rPois   .            (no helmet)
rElec   .            (no cloak)
rCorr   .            (no gloves)
SInv    .            f - +0 pair of boots
Will    .....        (no amulet)
Stlth   +            (no ring)
HPRegen 0.24/turn    (no ring)
MPRegen 0.10/turn

%: no passive effects
@: lethally poisoned (-1 -> -14)
A: no striking features
a: no special abilities


You were on level 4 of the Dungeon.
You visited 1 branch of the dungeon, and saw 4 of its levels.

You collected 140 gold pieces.


   Skills:
 - Level 1.5 Fighting
 + Level 8.8 Ranged Weapons
 - Level 2.4 Dodging
 - Level 1.2 Stealth


You had 4 spell levels left.
You didn't know any spells.
Your spell library was empty.

Inventory:

Hand Weapons
 a - a +1 shortbow (weapon)
Armour
 f - a +0 pair of boots (worn)
 h - a +0 ring mail (worn)
Jewellery
 j - a ring of ice
Scrolls
 b - a scroll of noise {unknown}
 d - 4 scrolls of identify
Potions
 e - 4 potions of curing

Dungeon Overview and Level Annotations

Branches:
Dungeon (4/15)
 Temple: D:4-7

Altars:
Makhleb
Sif Muna

Shops:
D:3 (


Message History

The scorpion is heavily wounded.
You shoot an arrow. The arrow barely misses the scorpion.
You shoot an arrow. The arrow closely misses the scorpion.
The scorpion stings you.
You shoot an arrow. The arrow barely misses the scorpion.
The scorpion stings you.
You shoot an arrow. The arrow barely misses the scorpion.
The scorpion stings you but does no damage.
You shoot an arrow.
The arrow hits the scorpion but does no damage.
The scorpion is heavily wounded.
The scorpion stings you.
You are poisoned.
The scorpion poisons you!
The scorpion stings you but does no damage.
You shoot an arrow.
The arrow hits the scorpion but does no damage.
The scorpion is heavily wounded.
You feel sick.
The scorpion stings you but does no damage.
You shoot an arrow. The arrow barely misses the scorpion.
You feel sick.
The scorpion stings you but does no damage.
The scorpion stings you.
You are more poisoned.
The scorpion poisons you!
You shoot an arrow. The arrow hits the scorpion.
The scorpion is severely wounded.
You feel very sick. The scorpion barely misses you.
You shoot an arrow. The arrow closely misses the scorpion.
You feel sick. The scorpion stings you.
You are lethally poisoned!
The scorpion poisons you!
You shoot an arrow. The arrow hits the scorpion.
The scorpion is almost dead.
You feel very sick. The scorpion stings you.
The scorpion completely misses you.
You shoot an arrow. The arrow barely misses the scorpion.
You die...

######## ......# #......#
######......# #.####.#
#...........# #.#..#)#
#...........# #..).#)#
#...........#
###...#.####...........#
...>.......+.....s.....#
###.....####....@#+#
###.........(......###
...##...####.#####...#
##.##.#.####.#####.#.#####
#.##.#...................
##+##'#+####.#####.##.####
.....<...# #.# #....).
.........# #.# #####..#
.........+ ..# ..#


You could see a scorpion.

Vanquished Creatures
  An orc priest (D:4)
  An orc wizard (D:3)
  3 adders
  3 dart slugs
  3 ribbon worms (D:2)
  7 orcs
  7 ball pythons
  5 bats
  9 endoplasms
  4 giant cockroaches
  4 goblins
  6 hobgoblins
  4 quokkas
  3 frilled lizards
  5 kobolds
  8 rats
73 creatures vanquished.

Notes
Turn   | Place    | Note
-------+----------+-------------------------------------------
     0 | D:1      | qw the Deep Elf Hunter began the quest for the Orb.
     0 | D:1      | Reached XP level 1. HP: 12/12 MP: 3/3
     0 | D:1      | 0 ||| qw: Version: 0.3-a-155-g5e7d8dd
     0 | D:1      | 0 ||| qw: Game counter: 1559
     0 | D:1      | 0 ||| qw: Melee chars always use a shield: true
     0 | D:1      | 0 ||| qw: God list: Okawaru
     0 | D:1      | 0 ||| qw: Allow faded altars: false
     0 | D:1      | 0 ||| qw: Do Orc after clearing Dungeon:15 true
     0 | D:1      | 0 ||| qw: Do second Lair branch before Depths: true
     0 | D:1      | 0 ||| qw: Lair rune preference: random
     0 | D:1      | 0 ||| qw: Goals: Normal
     0 | D:1      | 0 ||| PLANNING D:1-11
   104 | D:1      | Reached XP level 2. HP: 16/16 MP: 4/4
   108 | D:1      | Reached skill level 6 in Ranged Weapons
   467 | D:1      | Reached XP level 3. HP: 19/20 MP: 5/5
   763 | D:1      | 763 ||| READING scroll labelled OFETTIPORCHE.
   864 | D:1      | 864 ||| READING scroll labelled ABRIMO ECADIOTH.
   865 | D:1      | 865 ||| READING 4 scrolls labelled GEAMIXZOXEMO.
   865 | D:1      | 865 ||| IDENTIFYING viscous clear potion
   866 | D:1      | 866 ||| READING 3 scrolls of identify.
   866 | D:1      | 866 ||| IDENTIFYING inky potion
   867 | D:1      | 867 ||| READING 2 scrolls of identify.
   867 | D:1      | 867 ||| IDENTIFYING 2 viscous ruby potions
   868 | D:1      | 868 ||| READING scroll of identify.
   868 | D:1      | 868 ||| IDENTIFYING 2 yellow potions
   869 | D:1      | 869 ||| DROPPING scroll of butterflies.
   870 | D:1      | 870 ||| DROPPING potion of degeneration.
   871 | D:1      | 871 ||| DROPPING 2 potions of berserk rage.
   872 | D:1      | 872 ||| DROPPING 2 potions of magic.
  1218 | D:2      | Found a shimmering blue altar of Sif Muna.
  1224 | D:2      | Reached skill level 7 in Ranged Weapons
  1668 | D:2      | 1668 ||| READING scroll of identify.
  1668 | D:2      | 1668 ||| IDENTIFYING scroll labelled WAFRIE AHOTUET
  1669 | D:2      | 1669 ||| READING scroll labelled UBIYBEREASA.
  1669 | D:2      | 1669 ||| ENCHANTING +0 shortbow.
  1670 | D:2      | 1670 ||| DROPPING scroll of immolation.
  1731 | D:3      | Found a burning altar of Makhleb.
  1796 | D:3      | Reached XP level 4. HP: 25/25 MP: 6/6
  1917 | D:3      | Found Fedwaf's Antique Weapon Boutique.
  1940 | D:3      | HP: 6/25 [kobold/+0 short sword (1)]
  1942 | D:3      | HP: 2/25 [something (1)]
  1943 | D:3      | Reached skill level 8 in Ranged Weapons
  2041 | D:3      | 2041 ||| SHOPLISTING +27 heavy crossbow "Sniper" {heavy,
                  | Acc+∞ SInv} (1680 gold, have 129).
  2053 | D:3      | Reached XP level 5. HP: 29/29 MP: 7/7
  2267 | D:3      | 2267 ||| UPGRADING to +0 pair of boots.
  2272 | D:3      | 2272 ||| UPGRADING to +0 ring mail.
  2282 | D:3      | 2282 ||| DROPPING +0 leather armour.
  2283 | D:3      | 2283 ||| DROPPING +6 ring of intelligence.
  2284 | D:3      | 2284 ||| READING 4 scrolls of identify.
  2284 | D:3      | 2284 ||| IDENTIFYING scroll labelled IKOGRU YGG
  2285 | D:3      | 2285 ||| DROPPING scroll of blinking.
  2319 | D:4      | 2319 ||| FLEEEEING.
  2320 | D:4      | 2320 ||| FLEEEEING.
  2321 | D:4      | 2321 ||| FLEEEEING.
  2322 | D:4      | 2322 ||| FLEEEEING.
  2324 | D:4      | 2324 ||| FLEEEEING.
  2325 | D:4      | 2325 ||| FLEEEEING.
  2411 | D:4      | HP: 7/29 [poisoned by a scorpion]
  2411 | D:4      | HP: 3/29 [scorpion (4)]
  2412 | D:4      | Succumbed to a scorpion's poison

Levels and vault maps discovered:
D:1:      heliophobic_arrival_glass_houses, layout_loops_ring
D:2:      layout_basic, basic_altar, kennysheep_path_1,
          nicolae_elevator_lobby_asterisk
D:3:      layout_basic, general_overflow_altar, serial_shops, shop
D:4:      layout_basic, temple_doors_e, ebering_ghost_sewer_d

Skill      XL: |  1  2  3  4 |
---------------+-------------+-----
Ranged Weapons | 6 7 8 |  8.8
Fighting       | |  1.5
Dodging        | |  2.4
Stealth        | |  1.2

Action                     |  1- 3 |  4- 6 || total
---------------------------+-------+-------++-------
   Fire: Shortbow          |   109 |    75 ||   184
    Use: Scroll            |     8 |     1 ||     9
 Armour: Leather armour    |    21 |    21 ||    42
         Ring mail         |       |    12 ||    12
  Dodge: Dodged            |     8 |    20 ||    28

Table legend:
 A = Non-vault XP
 B = Vault XP
 C = Vault XP percentage of total XP
 D = Non-vault monster count
 E = Vault monster count
 F = Vault count percentage of total count
                 A         B        C        D         E       F
            +---------+---------+-------+---------+---------+-------
      Total |     255 |       0 |   0.0 |      73 |       0 |   0.0
            +---------+---------+-------+---------+---------+-------
        D:1 |      43 |       0 |   0.0 |      25 |       0 |   0.0
        D:2 |      46 |       0 |   0.0 |      16 |       0 |   0.0
        D:3 |     111 |       0 |   0.0 |      26 |       0 |   0.0
        D:4 |      55 |       0 |   0.0 |       6 |       0 |   0.0
            +---------+---------+-------+---------+---------+-------
